 Dungeon Crawl Stone Soup version 0.29-a0-620-g13ace881f2 (webtiles) character file.

Game seed: 5477363319612451463

37 xian the Caller (level 3, -6/32 HPs)
             Began as an Ogre Summoner on June 18, 2022.
             Mangled by Sigmund
             ... wielding a +0 scythe
              (10 damage)
             ... on level 2 of the Dungeon.
             The game lasted 00:07:43 (1233 turns).

xian the Caller (Ogre Summoner)                     Turns: 1233, Time: 00:07:43

Health: -6/32      AC:  3    Str: 12    XL:     3   Next: 39%
Magic:  5/7        EV: 10    Int: 18    God:
Gold:   53         SH:  0    Dex:  9    Spells: 4/7 levels left

rFire   . . .      SeeInvis .   e - +1 club
rCold   . . .      Faith    .   (no shield)
rNeg    . . .      Spirit   .   a - +0 robe
rPois   .          Reflect  .   (helmet restricted)
rElec   .          Harm     .   (no cloak)
rCorr   .          Rampage  .   (gloves unavailable)
Will    .....                   (boots unavailable)
Stlth   +.........              (no amulet)
HPRegen 0.10/turn               (no ring)
MPRegen 0.10/turn               (no ring)

@: no status effects
A: large, unfitting armour, tough skin 1
a: no special abilities


You were on level 2 of the Dungeon.
You visited 1 branch of the dungeon, and saw 2 of its levels.

You collected 53 gold pieces.

Inventory:

Hand Weapons
 e - a +1 club (weapon)
Missiles
 f - 2 poisoned darts
Armour
 a - a +0 robe (worn)
Scrolls
 g - a scroll of amnesia {unknown}
Potions
 b - a potion of magic
 c - a potion of heal wounds
 d - a potion of curing {unknown}
 h - a potion of mutation {unknown}


   Skills:
 + Level 0.3 Fighting
 + Level 0.3 Maces & Flails
 + Level 2.1 Dodging
 + Level 1.4 Stealth
 + Level 2.7 Spellcasting
 + Level 4.2 Summonings


You had 4 spell levels left.
You knew the following spells:

 Your Spells              Type           Power      Damage    Failure   Level
a - Summon Small Mammal   Summ           68%        N/A       3%          1
b - Call Imp              Summ           17%        N/A       4%          2

Your spell library contained the following spells:

 Spells                   Type           Power      Damage    Failure   Level
 Call Canine Familiar     Summ           17%        N/A       9%          3
 Summon Guardian Golem    Hex/Summ       10%        N/A       22%         3
 Summon Lightning Spire   Summ/Air       10%        N/A       56%         4


Dungeon Overview and Level Annotations

Branches:
Dungeon (2/15)

Altars:

Annotations:
D:2 Sigmund


Innate Abilities, Weirdness & Mutations

You are too large for most types of armour.
You have tough skin. (AC +1)


Message History

[Y]es or [N]o only, please.
Are you sure you want to stumble around while confused and next to your white imp? [Y]es or [N]o only, please.
Are you sure you want to stumble around while confused and next to your white imp? [Y]es or [N]o only, please.
Are you sure you want to stumble around while confused and next to your white imp?
Okay, then.
Something hits you.
Are you sure you want to stumble around while confused and next to your white imp?
Okay, then.
Something hits you.
You're too confused to cast spells.
Something hits you! Something hits you!
* * * LOW HITPOINT WARNING * * *
It was a potion of heal wounds.
You feel much better.
You feel less confused.
Casting: Call Imp (safe; 4% risk of failure)
Confirm with . or Enter, or press ? or * to list all spells.
Something hits you!
You hear some strange, mumbled words.
Your quokka resists with significant effort.
Casting: Summon Small Mammal (safe; 3% risk of failure)
Confirm with . or Enter, or press ? or * to list all spells.
You hear some strange, mumbled words.
Your quokka appears confused.
Your quokka closely misses you.
Something closely misses your white imp.
Your quokka barely misses your rat.
Really walk into that teleport trap?
Okay, then.
Your quokka barely misses your white imp.
Your quokka closely misses you.
Something hits you.
You swap places.
You hear some strange, mumbled words.
A puff of flame appears from out of thin air!
The puff of flame hits you!
* * * LOW HITPOINT WARNING * * *
Your quokka closely misses your rat.
Something hits you!
You die...

..#
#.#.##...#####.....##.
... #.#. #...# #######
#.#.##...#
#.#..'...####### #.##
#.........# #.#
#.........#
#.........#
#.........#
#@{.......#
#.........#
#r5.......#
#r........#
#.^.......#
###########


You could see a friendly white imp (summoned), a friendly quokka (summoned,
confused) and a friendly rat (summoned).

Vanquished Creatures
  An adder (D:2)
  A ball python (D:1)
  A hobgoblin (D:1)
  4 bats
  A frilled lizard (D:1)
  A kobold (D:1)
9 creatures vanquished.

Vanquished Creatures (collateral kills)
  An adder (D:2)
  An endoplasm (D:1)
  A giant cockroach (D:1)
  A goblin (D:1)
  A jackal (D:1)
  3 ball pythons
  2 frilled lizards
  A rat (D:1)
11 creatures vanquished.

Grand Total: 20 creatures vanquished

Notes
Turn   | Place    | Note
-------+----------+-------------------------------------------
     0 | D:1      | xian the Ogre Summoner began the quest for the Orb.
     0 | D:1      | Reached XP level 1. HP: 16/16 MP: 3/3
   147 | D:1      | Reached XP level 2. HP: 9/24 MP: 3/5
   298 | D:1      | Reached skill level 4 in Summonings
   602 | D:1      | Found a faded altar of an unknown god.
   892 | D:2      | Noticed Sigmund
   906 | D:2      | Learned a level 2 spell: Call Imp
   919 | D:2      | Reached XP level 3. HP: 8/31 MP: 2/7
  1233 | D:2      | Mangled by Sigmund

Illustrated notes

Levels and vault maps discovered:
D:1:      doesnt_arrival_eight_statues, layout_loops_ring,
          shapermc_ecumenical_altar_pompeii, minmay_close_crescents
D:2:      layout_basic, basic_altar, uniq_sigmund

Skill      XL: |  1  2 |
---------------+-------+-----
Dodging        | 2 |  2.1
Summonings     | 4 |  4.2
Fighting       | |  0.3
Maces & Flails | |  0.3
Stealth        | |  1.4
Spellcasting   | |  2.7

Action                   || total
-------------------------++-------
Melee: Unarmed           ||    14
       Club              ||    42
 Cast: Summon Small Mamm ||    16
       Call Imp          ||     3
  Use: Scroll            ||     2
       Potion            ||     1
Armor: Robe              ||    31
Dodge: Dodged            ||    63

Table legend: (Time is in decaauts)
 A = Elapsed time spent in this place.
 B = Non-inter-level travel time spent in this place.
 C = Inter-level travel time spent in this place.
 D = Time resting spent in this place.
 E = Time spent auto-exploring this place.
 F = Levels seen in this place.
 G = Mean time per level.
                   A        B        C        D        E       F      G
               +--------+--------+--------+--------+--------+-----+--------+
         Total |   1244 |   1226 |     18 |      0 |    658 |   2 |  622.0 |
       Dungeon |   1244 |   1226 |     18 |      0 |    658 |   2 |  622.0 |
               +--------+--------+--------+--------+--------+-----+--------+

Top non-repeatable levels by time:
     D:1: 783 daAuts
     D:2: 461 daAuts
